AoeStats
← 許瑞德

Arena

510088185Analyzed
2v2 RM · 3d ago on Sep 29, 2026· 34m 12s· 4 players
Game mode
Random Map
Map size
Medium (4 player)
Population
200
Speed
Normal
Resources
Standard
Victory
Conquest
Starting age
Dark Age
Ending age
Imperial Age
RankedLock teamsTeams togetherTeam positionsShared explorationLock speedFull tech treeHidden civsTurbo modeCheats
Victory
Defeat
🇹🇷 Turks · Türkiye
894
+15
🇦🇷 Japanese · Argentina
834
+18
🇹🇼 Burgundians · Taiwan
886
-17
🇯🇵 Cumans · Japan
856
-16
Lubuntu10.04LTS
7:55 Loom
9:53 Feudal Age
10:54 Double-Bit Axe
10:54 Man-at-Arms
12:35 Arson
13:02 Horse Collar
23:23 Stone Mining
23:26 Gold Mining
25:32 Wheelbarrow
29:49 Castle Age
31:49 Capped Ram
許瑞德
0:41 Loom
9:46 Wheelbarrow
11:51 Feudal Age
12:28 Double-Bit Axe
17:14 Castle Age
15:39 Horse Collar
16:01 Town Watch
17:58 Forging
18:58 Scale Barding Armor
23:26 Cavalier
25:46 Hand Cart
UncleSAM
13:18 Feudal Age
14:55 Double-Bit Axe
18:01 Castle Age
27:05 Loom
trieukhom
2:36 Loom
12:09 Feudal Age
13:19 Double-Bit Axe
18:18 Castle Age
17:30 Horse Collar
19:32 Bow Saw
21:55 Heavy Plow
24:10 Gold Mining
24:48 Scale Mail Armor
26:21 Forging
27:17 Chain Mail Armor
27:40 Iron Casting
34:12 Squires
33:57 Arson
Connection lost

Rejoining the realm…

Still unreachable

The connection could not be restored.

Session expired

The server has moved on; the page needs a fresh start.